AoeStats
← 钓鱼佬

Arena

509312375Analyzed
4v4 RM · 6d ago on Sep 26, 2026· 41m 47s· 8 players
Game mode
Random Map
Map size
Large (8 player)
Population
200
Speed
Normal
Resources
Standard
Victory
Conquest
Starting age
Dark Age
Ending age
Imperial Age
RankedLock teamsTeams togetherTeam positionsShared explorationLock speedFull tech treeHidden civsTurbo modeCheats
Victory
Defeat
🇨🇳 Spanish · China
1596
+8
🇩🇪 Slavs · Germany
1520
+11
🇨🇳 Poles · China
1487
+12
🇨🇳 Saxons · China
1476
+13
🇨🇳 Koreans · China
1517
-15
🇦🇺 Italians · Australia
1413
-11
🇨🇳 Saxons · China
1346
-9
🇨🇳 Danes · China
1343
-9
Nachhaltigkeitsmanagement
10:17 Feudal Age
9:00 Loom
14:27 Castle Age
12:43 Horse Collar
14:25 Double-Bit Axe
15:24 Bow Saw
19:23 Forging
20:27 Pikeman
21:45 Scale Mail Armor
22:33 Squires
24:58 Iron Casting
25:27 Chain Mail Armor
26:14 Man-at-Arms
27:25 Long Swordsman
28:45 Heavy Plow
30:39 Fortified Wall
36:02 Wheelbarrow
38:41 Imperial Age
38:02 Hand Cart
37:54 Fletching
38:24 Masonry
39:17 Bodkin Arrow
给你一棒槌
10:02 Feudal Age
8:47 Loom
10:38 Feudal Age
14:37 Castle Age
14:12 Double-Bit Axe
15:09 Horse Collar
26:41 Bow Saw
27:00 Heavy Plow
27:37 Wheelbarrow
27:49 Stone Mining
28:22 Gold Mining
30:15 Gold Shaft Mining
30:42 Hand Cart
35:07 Imperial Age
32:47 Scale Mail Armor
33:19 Squires
33:04 Arson
34:00 Chain Mail Armor
34:00 Forging
36:11 Conscription
36:25 Plate Mail Armor
35:22 Capped Ram
36:15 Guilds
35:43 Elite Hearth Troop
36:16 Siege Ram
38:18 Iron Casting
37:34 Shield Wall
40:55 Chemistry
39:46 Fletching
39:58 Padded Archer Armor
40:00 Elite Skirmisher
40:04 Cranequins
40:49 Thumb Ring
40:50 Heavy Mounted Crossbowman
41:28 Bodkin Arrow
41:51 Leather Archer Armor
acyhjujaxuzjkt
12:46 Feudal Age
14:40 Double-Bit Axe
17:20 Castle Age
15:03 Horse Collar
15:37 Gold Mining
15:51 Padded Archer Armor
16:51 Bloodlines
18:51 Leather Archer Armor
18:38 Husbandry
26:56 Bow Saw
28:24 Heavy Plow
31:27 Wheelbarrow
31:47 Loom
32:41 Hand Cart
37:37 Imperial Age
34:54 Town Watch
36:53 Scale Barding Armor
36:59 Forging
38:41 Conscription
38:42 Chain Barding Armor
37:44 Cavalier
40:10 Iron Casting
40:11 Plate Barding Armor
39:24 Paladin
41:54 Blast Furnace
825889483
10:38 Feudal Age
14:10 Castle Age
13:58 Horse Collar
14:07 Double-Bit Axe
14:53 Heavy Plow
16:40 Bow Saw
20:36 Wheelbarrow
19:47 Loom
19:48 Town Watch
22:48 Stone Mining
26:34 Imperial Age
24:54 Stone Shaft Mining
24:13 Gold Mining
25:01 Scale Barding Armor
25:07 Forging
26:21 Chain Barding Armor
26:51 Hand Cart
27:01 Hand Cart
27:25 Iron Casting
27:01 Bloodlines
26:52 Husbandry
27:27 Scale Mail Armor
28:23 Conscription
27:24 Elite Obuch
29:01 Crop Rotation
28:34 Elite Obuch
30:18 Blast Furnace
30:52 Chemistry
29:32 Treadmill Crane
30:05 Fortified Wall
31:45 Chain Mail Armor
32:30 Blast Furnace
32:50 Murder Holes
33:27 Plate Mail Armor
33:58 Blast Furnace
36:46 Hoardings
37:19 Fletching
37:17 Arrowslits
37:53 Ballistics
Noob ai
10:56 Feudal Age
11:29 Double-Bit Axe
11:52 Horse Collar
14:25 Castle Age
22:24 Loom
23:14 Wheelbarrow
23:14 Heavy Plow
25:22 Redemption
29:45 Imperial Age
27:46 Fletching
28:54 Bodkin Arrow
29:56 Ballistics
29:36 Gold Mining
30:07 Stone Mining
30:42 Bracer
32:11 Chemistry
31:52 Conscription
31:55 Padded Archer Armor
32:24 Bow Saw
32:53 Hand Cart
34:17 Elite Genoese Crossbowman
35:33 Silk Road
37:12 Coinage
37:06 Leather Archer Armor
38:42 Banking
39:15 Pirotechnia
40:03 Ring Archer Armor
41:15 Guilds
钢铁猫
10:22 Feudal Age
11:15 Double-Bit Axe
14:14 Castle Age
12:20 Horse Collar
15:19 Bow Saw
19:53 Wheelbarrow
19:04 Town Watch
21:00 Heavy Plow
21:39 Gold Mining
22:54 Loom
23:37 Hand Cart
24:25 Squires
24:27 Scale Mail Armor
25:23 Forging
27:07 Gold Shaft Mining
31:37 Imperial Age
28:29 Pikeman
29:23 Arson
30:15 Iron Casting
30:54 Town Patrol
31:34 Chain Mail Armor
31:41 Elite Varangian Guard
32:07 Gambesons
32:54 Plate Mail Armor
31:45 Shield Wall
32:45 Conscription
32:01 Capped Ram
34:08 Man-at-Arms
35:16 Siege Ram
40:50 Siege Engineers
40:37 Fletching
执者如旗
9:37 Feudal Age
13:29 Castle Age
11:35 Double-Bit Axe
16:27 Wheelbarrow
20:17 Horse Collar
21:07 Loom
21:46 Hand Cart
24:19 Fletching
24:29 Padded Archer Armor
25:27 Gold Mining
25:50 Bow Saw
30:09 Imperial Age
27:55 Heavy Plow
28:02 Bodkin Arrow
29:39 Ballistics
29:37 Leather Archer Armor
30:51 Thumb Ring
31:46 Bracer
32:17 Ring Archer Armor
32:53 Chemistry
32:28 Cranequins
32:46 Heavy Mounted Crossbowman
34:22 Bloodlines
34:38 Siege Engineers
34:36 Husbandry
34:48 Cranequins
37:47 Conscription
40:08 Stone Mining
40:54 Gold Shaft Mining
钓鱼佬
5:58 Loom
8:12 Feudal Age
10:42 Fletching
11:51 Double-Bit Axe
19:43 Castle Age
19:30 Horse Collar
24:08 Wheelbarrow
24:02 Bodkin Arrow
26:08 Town Watch
28:51 Heavy Plow
31:28 Hand Cart
36:49 Imperial Age
36:33 Ballistics
38:50 Chemistry
37:36 Arrowslits
37:57 Siege Engineers
38:04 Masonry
40:59 Guilds
41:58 Shinkichon
41:34 Heavy Rocket Cart
Connection lost

Rejoining the realm…

Still unreachable

The connection could not be restored.

Session expired

The server has moved on; the page needs a fresh start.